 Dungeon Crawl Stone Soup version 0.31-a0-1008-g5b978dac0e (webtiles) character file.

Game seed: 6681559089777560724

2564 BinkBink the Protected (level 9, -6/121 HPs)
             Began as a Minotaur Fighter on Nov 13, 2023.
             Was a High Priest of Okawaru.
             Mangled by a death yak (10 damage)
             ... on level 8 of the Dungeon.
             The game lasted 00:08:43 (6507 turns).

BinkBink the Protected (Minotaur Fighter)           Turns: 6507, Time: 00:08:46

Health: -6/121     AC: 24    Str: 26    XL:     9   Next: 31%
Magic:  7/8        EV:  2    Int:  5    God:    Okawaru [*****.]
Gold:   190        SH:  9    Dex:  9    Spells: 8/8 levels left

rFire   . . .        y - +9 broad axe "Warieb" {drain, rC++}
rCold   + + .        w - +0 kite shield
rNeg    . . .        b - melded +0 scale mail
rPois   +            (helmet currently unavailable)
rElec   .            m - melded +0 cloak
rCorr   +            (gloves currently unavailable)
SInv    .            (boots currently unavailable)
Will    .....        (no amulet)
Stlth   +            o - ring of poison resistance
HPRegen 0.40/turn    s - ring of resist corrosion
MPRegen 0.11/turn

%: no passive effects
@: tree-form
A: stationary, stasis, torment immunity, boosted hp, (horns 2), (retaliatory
headbutt)
a: Renounce Religion, Heroism, Finesse, Duel


You were on level 8 of the Dungeon.
You worshipped Okawaru.
Okawaru was extremely pleased with you.
You were a tree.
You visited 1 branch of the dungeon, and saw 8 of its levels.

You collected 379 gold pieces.
You spent 189 gold pieces at shops.

Inventory:

Hand Weapons
 a - a +0 war axe
 y - the +9 broad axe "Warieb" (weapon) {drain, rC++}
   (You bought it in a shop on level 6 of the Dungeon)

   rC++:      It greatly protects you from cold.
Missiles
 d - 5 boomerangs (quivered)
 t - 2 throwing nets
Armour
 b - a +0 scale mail (melded)
 m - a +0 cloak (melded)
 w - a +0 kite shield (worn)
Jewellery
 o - a ring of poison resistance (left branch)
 s - a ring of resist corrosion (right branch)
 v - a ring of fire
Wands
 F - a wand of digging (6)
 G - a wand of flame (13)
Scrolls
 e - a scroll of amnesia {unknown}
 f - 2 scrolls of noise {unknown}
 h - 4 scrolls of teleportation {unknown}
 i - a scroll of vulnerability {unknown}
 k - 3 scrolls of immolation {unknown}
 l - a scroll of enchant armour {unknown}
 n - 4 scrolls of identify {unknown}
 p - 3 scrolls of fog {unknown}
 x - 2 scrolls of poison {unknown}
 z - a scroll of fear {unknown}
Potions
 c - a potion of berserk rage {unknown}
 g - 3 potions of curing {unknown}
 j - 4 potions of lignification
 q - 2 potions of brilliance {unknown}
 r - 2 potions of heal wounds {unknown}
 u - 2 potions of degeneration {unknown}
 A - a potion of attraction {unknown}
 B - a potion of might
 C - a potion of resistance {unknown}
 D - a potion of cancellation {unknown}
 E - a potion of invisibility {unknown}


   Skills:
 + Level 8.0 Fighting
 + Level 7.5 Axes
 + Level 4.2 Throwing
 + Level 8.0 Armour
 + Level 7.9 Shields


You had 8 spell levels left.
You didn't know any spells.
Your spell library contained the following spells:

 Spells                   Type           Power      Damage    Failure   Level
 Foxfire                  Conj/Fire      0%         2x1d4     67%         1
 Necrotise                Necr           0%         1d4       67%         1
 Slow                     Hex            0%         N/A       67%         1
 Static Discharge         Conj/Air       0%         3-3/arc   82%         2
 Confusing Touch          Hex            0%         N/A       96%         3
 Sigil of Binding         Hex            0%         N/A       96%         3
 Vampiric Draining        Necr           0%         2d6       96%         3
 Dimensional Bullseye     Hex/Tloc       0%         N/A       100%        4
 Iskenderun's Mystic Bla  Conj/Tloc      0%         2d3       100%        4
 Agony                    Necr           0%         N/A       100%        5
 Arcjolt                  Conj/Air       0%         1d10      100%        5
 Plasma Beam              Fire/Air       0%         2x1d10    100%        6
 Starburst                Conj/Fire      0%         6d3       100%        6
 Tukima's Dance           Hex            Unusable   N/A       N/A         3
 Summon Lightning Spire   Summ/Air       Unusable   N/A       N/A         4

Dungeon Overview and Level Annotations

Branches:
Dungeon (8/15)             Temple (0/1) D:5            Lair (0/5) D:8

Altars:
Fedhas
Makhleb
Okawaru
Vehumet
The Shining One

Shops:
D:6 ((([

Annotations:
D:4 2 transporters


Innate Abilities, Weirdness & Mutations

You are a tree.
Your roots penetrate the ground, keeping you stationary.
You cannot be teleported.
You are immune to unholy pain and torment.
Your maximum health is greatly increased.
Your equipment is partially melded.
((You have a pair of horns on your head.))
((You reflexively headbutt those who attack you in melee.))


Message History

The death yak gores you!
You hit the death yak but do no damage.
The death yak is heavily wounded.
The death yak snorts and paws the ground.
The death yak gores you!
* * * LOW HITPOINT WARNING * * *
You gain the combat prowess of a mighty hero.
You block the death yak's attack.
You hit the death yak but do no damage. You drain the death yak.
The death yak is lightly wounded.
You block the death yak's attack.
You slice the death yak!! You drain the death yak.
Your headbutt misses the death yak.
The death yak is moderately wounded.
You slash the death yak! You drain the death yak. You headbutt the death yak.
The death yak is moderately wounded.
You barely miss the death yak.
The death yak is moderately wounded.
The death yak completely misses you.
You hit the death yak. You drain the death yak.
Your headbutt misses the death yak.
The death yak is moderately wounded.
The death yak gores you.
* * * LOW HITPOINT WARNING * * *
You slash the death yak! You drain the death yak.
The death yak is heavily wounded.
You hit the death yak.
The death yak is heavily wounded.
You slice the death yak!! You drain the death yak. You headbutt the death yak.
The death yak is almost dead.
The death yak snorts and paws the ground.
The death yak gores you!
* * * LOW HITPOINT WARNING * * *
It was a potion of lignification.
You turn into a tree.
Your +0 cloak melds into your body.
Your +0 scale mail melds into your body.
Your roots penetrate the ground.
You feel like a meek peon again. The death yak gores you!
You die...

#. ####### #.# # >.....#
#.# .. #####.# #.# ... #.#
###.###### ....
#####.#####.... r.# .....
#.........#.#.####Y#......
#.###.###.#.#...♣YY..#
#.###.#........###r....>.)
......#.#.#.....##.......#
#.#####.#......###.....##.
......# ###............#
#.###.# .....#####......
#.# #.# #####.# .......
#.# #.# ##+## #...... #.#
#.# ##...##


You could see 3 death yaks and a quokka.

Vanquished Creatures
  Prince Ribbit (D:4)
  Grinder (D:5)
  A steam dragon (D:7)
  Menkaure (D:4)
  Duvessa (D:5)
  2 black bears
  An ice beast (D:6)
  A sky beast (D:7)
  2 centaurs
  A phantom (D:6)
  2 kobold brigands
  A gnoll sergeant (D:7)
  2 bullfrogs (D:7)
  3 scorpions
  Dowan (D:5)
  A howler monkey (D:5)
  2 hounds
  A jelly (D:7)
  A gnoll bouda (D:5)
  3 sleepcaps
  4 iguanas
  4 orc wizards
  6 adders
  10 gnolls
  2 dart slugs
  14 orcs
  5 ball pythons
  7 endoplasms
  4 giant cockroaches
  7 goblins
  5 hobgoblins
  10 jackals
  3 quokkas
  6 bats
  4 frilled lizards
  20 kobolds
  4 rats
144 creatures vanquished.

Notes
Turn   | Place    | Note
-------+----------+-------------------------------------------
     0 | D:1      | BinkBink the Minotaur Fighter began the quest for the Orb.
     0 | D:1      | Reached XP level 1. HP: 19/19 MP: 0/0
   147 | D:1      | Reached XP level 2. HP: 27/27 MP: 1/1
   148 | D:1      | Found a faded altar of an unknown god.
   428 | D:1      | Prayed at the altar of an unknown god.
   428 | D:1      | Became a worshipper of Warmaster Okawaru
   428 | D:1      | Reached * piety under Okawaru
   717 | D:2      | Reached XP level 3. HP: 33/33 MP: 2/2
  2028 | D:3      | Reached XP level 4. HP: 40/40 MP: 3/3
  2447 | D:4      | Identified the "Zeggoin"
  2549 | D:4      | Noticed Menkaure
  2559 | D:4      | Killed Menkaure
  2560 | D:4      | Reached XP level 5. HP: 47/47 MP: 4/4
  2587 | D:4      | Noticed a centaur
  2595 | D:4      | Killed a centaur
  2596 | D:4      | Reached skill level 5 in Fighting
  2596 | D:4      | Reached skill level 5 in Armour
  2596 | D:4      | Reached skill level 5 in Shields
  2596 | D:4      | Reached XP level 6. HP: 44/56 MP: 5/5
  2764 | D:4      | Found a transporter.
  2789 | D:4      | Found a transporter.
  2821 | D:4      | Reached ** piety under Okawaru
  3259 | D:5      | Entered Level 5 of the Dungeon
  3271 | D:5      | Noticed Prince Ribbit
  3413 | D:4      | Killed Prince Ribbit
  3414 | D:4      | Reached skill level 5 in Axes
  3414 | D:4      | Reached XP level 7. HP: 45/62 MP: 6/6
  3500 | D:5      | Noticed Grinder
  3506 | D:5      | Reached *** piety under Okawaru
  3513 | D:5      | Killed Grinder
  3514 | D:5      | Reached skill level 1 in Throwing
  3608 | D:5      | Noticed Duvessa
  3610 | D:5      | Noticed Dowan
  3620 | D:5      | Killed Duvessa
  3621 | D:5      | Reached XP level 8. HP: 31/71 MP: 7/7
  3831 | D:5      | Killed Dowan
  4111 | D:5      | Found an iron altar of Okawaru.
  4213 | D:5      | Found a glowing golden altar of the Shining One.
  4257 | D:5      | Found a staircase to the Ecumenical Temple.
  4805 | D:6      | Reached **** piety under Okawaru
  4947 | D:6      | Found Otych's Antique Weapon Boutique.
  4955 | D:6      | Bought a twisted broad axe for 189 gold pieces
  4955 | D:6      | Identified the +9 broad axe "Warieb" {drain, rC++} (You
                  | bought it in a shop on level 6 of the Dungeon)
  5015 | D:6      | Found a radiant altar of Vehumet.
  5017 | D:6      | Found a blossoming altar of Fedhas.
  5252 | D:6      | Found Ytuin's Weapon Shoppe.
  5430 | D:6      | Found a burning altar of Makhleb.
  5562 | D:6      | Found Ihoeqynk's Armour Emporium.
  5622 | D:6      | Found Cuc Qeiph's Antique Weapon Emporium.
  5696 | D:7      | Reached XP level 9. HP: 76/79 MP: 8/8
  6254 | D:7      | Reached ***** piety under Okawaru
  6489 | D:8      | Found a staircase to the Lair.
  6489 | D:8      | Noticed a death yak
  6490 | D:8      | Noticed a death yak
  6490 | D:8      | Noticed a death yak
  6506 | D:8      | HP: 2/81 [death yak (16)]
  6507 | D:8      | Mangled by a death yak

Illustrated notes

Levels and vault maps discovered:
D:1:      dpeg_arrival_connections, layout_basic,
          nicolae_ecumenical_lake_church, grunt_decor_one_mirror, hex_tiny
D:2:      layout_basic
D:3:      layout_basic, chequers_serial_rivers_small_3
D:4:      gammafunk_wand_slinger, layout_gridville, uniq_menkaure
D:5:      layout_cave_pools, mainiacjoe_overflow_concentric_impassable,
          kennysheep_okawaru_gauntlet, minmay_temple_entry_trees,
          uniq_prince_ribbit1, uniq_duvessa, uniq_grinder
D:6:      layout_gridville, chequers_temple_overflow_statue_of_worship,
          bloody_makhleb, serial_shops, kennysheep_mini_moat,
          nicolae_shop_rolling_square, nicolae_shop_hallway_plus, shop
D:7:      layout_loops_ring
D:8:      lemuel_ratsnest, layout_loops_corners, jmf_multi_god_temple2,
          dpeg_lair_monsters

Skill      XL: |  1  2  3  4  5  6  7  8  9 |
---------------+----------------------------+-----
Fighting       | 4 5 6 7 8 |  8.0
Armour         | 4 5 6 7 8 |  8.0
Shields        | 4 5 6 7 |  7.9
Axes           | 3 4 5 7 |  7.5
Throwing       | 1 3 4 |  4.2

Action                     |  1- 3 |  4- 6 |  7- 9 || total
---------------------------+-------+-------+-------++-------
  Melee: War axe           |    97 |    63 |   103 ||   263
         Headbutt          |     8 |     9 |    26 ||    43
         Broad axe         |       |       |    87 ||    87
  Throw: Boomerang         |       |       |    13 ||    13
 Invoke: Heroism           |       |       |     1 ||     1
    Use: Potion            |       |     1 |     1 ||     2
 Armour: Scale mail        |    71 |    64 |   155 ||   290
         Skin              |       |       |     1 ||     1
  Dodge: Dodged            |    47 |    23 |    74 ||   144
  Block: Buckler           |    19 |    17 |    21 ||    57
         Kite shield       |       |       |    68 ||    68

Table legend: (Time is in decaauts)
 A = Elapsed time spent in this place.
 B = Non-inter-level travel time spent in this place.
 C = Inter-level travel time spent in this place.
 D = Time resting spent in this place.
 E = Time spent auto-exploring this place.
 F = Levels seen in this place.
 G = Mean time per level.
                   A        B        C        D        E       F      G
               +--------+--------+--------+--------+--------+-----+--------+
         Total |   6625 |   6397 |    228 |    692 |   4659 |   8 |  828.1 |
       Dungeon |   6625 |   6397 |    228 |    692 |   4659 |   8 |  828.1 |
               +--------+--------+--------+--------+--------+-----+--------+

Top non-repeatable levels by time:
     D:5: 1287 daAuts
     D:4: 1008 daAuts
     D:6: 1006 daAuts
     D:2: 992 daAuts
     D:3: 785 daAuts
     D:7: 739 daAuts
     D:1: 714 daAuts
     D:8: 90 daAuts
